 Dungeon Crawl Stone Soup version 0.22-a0-799-g88f5e90 (webtiles) character file.

35 Cefor the Charmwright (level 3, 0/27 HPs)
             Began as a Merfolk Skald on July 21, 2018.
             Slain by an adder (2 damage)
             ... on level 2 of the Dungeon.
             The game lasted 00:11:50 (1788 turns).

Cefor the Charmwright (Merfolk Skald)               Turns: 1788, Time: 00:11:51

Health: 0/27       AC:  6    Str: 12    XL:     3   Next: 33%
Magic:  5/6        EV: 11    Int: 12    God:
Gold:   62         SH:  0    Dex: 13    Spells: 3/6 levels left

rFire    . . .     SeeInvis .   a - +0 spear
rCold    . . .     Gourm    .   (no shield)
rNeg     . . .     Faith    .   i - +0 ring mail
rPois    .         Spirit   .   c - +0 helmet
rElec    .         Reflect  .   (no cloak)
rCorr    .         Harm     .   (no gloves)
MR       .....                  (no boots)
Stlth    +.........             (no amulet)
HPRegen  0.09/turn              (no ring)
MPRegen  0.10/turn              (no ring)

@: lethally poisoned (0 -> -3), singing (expiring)
A: change form in water, swift swim, stealthy swim
a: no special abilities


You were on level 2 of the Dungeon.
You were not hungry.

You visited 1 branch of the dungeon, and saw 2 of its levels.

You collected 62 gold pieces.

Inventory:

Hand Weapons
 a - a +0 spear (weapon)
Armour
 b - a +0 leather armour
 c - a +0 helmet (worn)
 i - a +0 ring mail (worn)
Scrolls
 g - 2 scrolls of identify {unknown}
Potions
 e - a potion of mutation {unknown}
 f - a potion of lignification {unknown}
Comestibles
 d - 2 rations
 h - a chunk of flesh


   Skills:
 - Level 2.1 Fighting
 - Level 3.0 Polearms
 - Level 0.6 Armour
 - Level 2.6 Dodging
 - Level 2.0 Spellcasting
 + Level 4.8 Charms


You had 3 spell levels left.
You knew the following spells:

 Your Spells              Type           Power        Failure   Level  Hunger
a - Infusion              Chrm           ##..         9%          1    ##.....
b - Song of Slaying       Chrm           ##......     13%         2    ###....

Your spell library contained the following spells:

 Spells                   Type           Power        Failure   Level  Hunger
 Regeneration             Chrm/Necr      #.........   56%         3    ####...
 Shroud of Golubria       Chrm/Tloc      #.........   34%         2    ###....
 Spectral Weapon          Hex/Chrm       #.......     56%         3    ####...


Dungeon Overview and Level Annotations

Branches:
Dungeon (2/15)

Altars:

Annotations:
D:2 Jessica


Message History

The adder is lightly wounded.
The adder bites you.
* * * LOW HITPOINT WARNING * * *
You are lethally poisoned!
The adder poisons you! Jessica barely misses you. The adder misses you.
You hit the adder.
The adder is lightly wounded.
You feel yourself speed up.
Your song is almost over.
* * * LOW HITPOINT WARNING * * *
You feel sick. The adder closely misses you. Jessica barely misses you.
The adder bites you.
* * * LOW HITPOINT WARNING * * *
Jessica mumbles some strange words.
Jessica seems to speed up.
You closely miss Jessica. Jessica hits you but does no damage.
The adder misses you.
You hit Jessica.
Jessica is moderately wounded.
Jessica barely misses you. The adder bites you.
You die...

#......#
#....#......#
#S...#.....(#
....#......###
...#........#
..#......#.#######
#g#......#.......#
#S#......#.......#
#@@..#####........
####...........#..
#......####.#..
+..............
#..............
#..............
####...........
...........
.#######...


You could see an adder, Jessica and a goblin.

Vanquished Creatures
  2 dart slugs
  A ball python (D:1)
  2 giant cockroaches (D:1)
  5 goblins
  5 hobgoblins (D:1)
  4 bats (D:1)
  2 frilled lizards (D:1)
  6 kobolds
  2 rats (D:1)
29 creatures vanquished.

Notes
Turn   | Place    | Note
-------+----------+-------------------------------------------
     0 | D:1      | Cefor the Merfolk Skald began the quest for the Orb.
     0 | D:1      | Reached XP level 1. HP: 16/16 MP: 3/3
   237 | D:1      | Reached XP level 2. HP: 17/22 MP: 5/5
   318 | D:1      | Learned a level 2 spell: Song of Slaying
   439 | D:1      | Reached skill level 4 in Charms
  1120 | D:1      | Reached XP level 3. HP: 18/27 MP: 6/6
  1772 | D:2      | Noticed Jessica
  1788 | D:2      | Slain by an adder

Vault maps used:
D:1:      dpeg_arrival_pond, minmay_close_crescents
D:2:      uniq_jessica

Skill      XL: |  1  2 |
---------------+-------+-----
Charms         | 4 |  4.8
Fighting       | |  2.1
Polearms       | |  3.0
Armour         | |  0.6
Dodging        | |  2.6
Spellcasting   | |  2.0

Action                   || total
-------------------------++-------
Melee: Spear             ||   135
 Cast: Infusion          ||     6
       Song of Slaying   ||     1
 Stab: Sleeping          ||     1
  Eat: Chunk             ||     3
Armor: Leather armour    ||    41
       Ring mail         ||     8
Dodge: Dodged            ||    86

Table legend:
 A = Spawn XP
 B = Non-spawn XP
 C = Spawn XP percentage of total XP
 D = Spawn monster count
 E = Non-spawn monster count
 F = Spawn count percentage of total count
 G = Total turns spent on level
                    A         B        C        D         E        F      G
               +---------+---------+-------+---------+---------+-------+---------
         Total |       0 |      50 |   0.0 |       0 |      29 |   0.0 |  1788
               +---------+---------+-------+---------+---------+-------+---------
           D:1 |       0 |      43 |   0.0 |       0 |      26 |   0.0 |  1702
           D:2 |       0 |       7 |   0.0 |       0 |       3 |   0.0 |    86
               +---------+---------+-------+---------+---------+-------+---------
